 Dungeon Crawl Stone Soup version 0.23-a0-844-gdc03e01 (webtiles) character file.

2898 ohad the Basher (level 9, -8/126 HPs)
             Began as an Ogre Berserker on Jan 26, 2019.
             Was an Elder of Trog.
             Mangled by a hippogriff (11 damage)
             ... on level 7 of the Dungeon.
             The game lasted 00:16:11 (7798 turns).

ohad the Basher (Ogre Berserker)                    Turns: 7798, Time: 00:16:12

Health: -8/126     AC:  4    Str: 31    XL:     9   Next: 77%
Magic:  9/9        EV: 10    Int:  8    God:    Trog [****..]
Gold:   303        SH:  0    Dex: 11    Spells: 8/8 levels left

rFire    . . .     SeeInvis .   E - +0 giant spiked club
rCold    . . .     Gourm    .   (shield currently unavailable)
rNeg     . . .     Faith    .   b - +0 animal skin
rPois    .         Spirit   .   x - +1 hat
rElec    .         Reflect  .   (no cloak)
rCorr    .         Harm     .   (gloves unavailable)
MR       .....                  (boots unavailable)
Stlth    ..........             d - amulet of the acrobat
HPRegen  0.31/turn              w - +3 ring of strength
MPRegen  0.11/turn              (no ring)

@: berserking, marked, very quick
A: large, unfitting armour, tough skin 1
a: Berserk, Trog's Hand, Brothers in Arms, Renounce Religion


You were on level 7 of the Dungeon.
You worshipped Trog.
Trog was greatly pleased with you.
You were very hungry.

You visited 1 branch of the dungeon, and saw 7 of its levels.

You collected 303 gold pieces.

Inventory:

Hand Weapons
 a - a +0 mace
 g - a +0 dagger of venom
 u - a +0 flail
 C - a +0 flail of protection
 D - a cursed +0 morningstar
 E - a +0 giant spiked club (weapon)
Missiles
 s - 4 tomahawks (quivered)
 t - 29 sling bullets
Armour
 b - a +0 animal skin (worn)
 x - a +1 hat (worn)
 F - a +0 shield
Jewellery
 d - an amulet of the acrobat (around neck)
 j - an uncursed ring of fire
 q - an uncursed ring of ice
 w - a +3 ring of strength (left hand)
 B - an uncursed amulet of harm {unknown}
Wands
 f - a wand of clouds (4)
 z - a wand of digging (2)
Scrolls
 h - 4 scrolls of blinking {unknown}
 i - a scroll of enchant armour {unknown}
 l - 2 scrolls of remove curse {unknown}
 o - 2 scrolls of teleportation
 p - a scroll of random uselessness
 v - a scroll of identify
 y - 2 scrolls of amnesia {unknown}
 G - a scroll of magic mapping {unknown}
Potions
 e - a potion of berserk rage
 k - a potion of heal wounds
 n - 3 potions of lignification
 r - a potion of curing
 A - a potion of magic
Comestibles
 c - 6 rations
 m - 2 chunks of flesh


   Skills:
 - Level 4.0 Fighting
 + Level 10.8 Maces & Flails
 - Level 2.6 Dodging
 - Level 5.8 Shields


You had 8 spell levels left.
You didn't know any spells.
Your spell library was empty.

Dungeon Overview and Level Annotations

Branches:
Dungeon (7/15)             Temple (0/1) D:4

Altars:
Cheibriados
Hepliaklqana
Makhleb
Yredelemnul
Zin
The Shining One

Shops:
D:5 *

Annotations:
D:4 3 runed doors, Weird's ghost, amateur FeVM
D:7 Prince Ribbit


Innate Abilities, Weirdness & Mutations

You are too large for most types of armour.
You have tough skin. (AC +1)


Message History

Okay, then.
A red film seems to cover your vision as you go berserk!
You feel yourself moving faster!
You feel mighty!
You are feeling hungry.
The hippogriff bites you!
* * * LOW HITPOINT WARNING * * *
The hippogriff pecks you!
* * * LOW HITPOINT WARNING * * *
The hippogriff claws you but does no damage.
You hit the hippogriff.
The hippogriff is heavily wounded.
The hippogriff bites you.
* * * LOW HITPOINT WARNING * * *
The hippogriff closely misses you. The hippogriff claws you!
* * * LOW HITPOINT WARNING * * *
You barely miss the hippogriff.
The hippogriff is heavily wounded.
You are feeling very hungry.
The hippogriff bites you!
You die...

....# ##.# ....#
#.## #. $# ....#
#..# #.# .# #####
##.## #.# .# #..#
#.# .#
##.###.####.#
#..##......#
##.##......#
#@.#......#
##H#......#
#h#......# .
#hhF..H.######.h.
##Fh.###h....h...
......#
#..$......
###..##
#......$.. #.>.
........###
#######..)..$..#


You could see a hippogriff, a bullfrog and 4 jackals.

Vanquished Creatures
  Grinder (D:3)
  5 yaks
  Menkaure (D:5)
  Duvessa (D:5)
  An ice beast (D:7)
  An orc warrior (D:6)
  A sky beast (D:7)
  An ogre (D:6)
  2 centaurs (D:5)
  2 bullfrogs (D:6)
  A gnoll sergeant (D:6)
  Dowan (D:5)
  A scorpion (D:6)
  4 wights (D:6)
  2 crimson imps (D:5)
  2 centaur skeletons
  2 orc wizards
  3 hounds
  A jelly (D:5)
  Jessica (D:2)
  Ijyb (D:5)
  7 worker ants
  A hound zombie (D:7)
  7 gnolls
  4 adders
  A shadow imp (D:7)
  An adder zombie (D:5)
  3 oozes
  An adder skeleton (D:4)
  4 worms
  2 dart slugs (D:1)
  3 leopard geckos
  10 orcs
  A ball python (D:5)
  8 bats
  9 giant cockroaches
  6 goblins
  6 hobgoblins
  10 jackals
  3 quokkas
  3 frilled lizards
  7 rats
132 creatures vanquished.

Notes
Turn   | Place    | Note
-------+----------+-------------------------------------------
     0 | D:1      | ohad the Ogre Berserker began the quest for the Orb.
     0 | D:1      | Reached XP level 1. HP: 24/24 MP: 1/1
   122 | D:1      | Reached skill level 3 in Maces & Flails
   264 | D:1      | Reached XP level 2. HP: 32/32 MP: 2/2
   684 | D:1      | Reached XP level 3. HP: 38/39 MP: 3/3
  1020 | D:2      | Reached skill level 4 in Maces & Flails
  1244 | D:2      | Found a basalt altar of Yredelemnul.
  1248 | D:2      | Noticed Jessica
  1252 | D:2      | Killed Jessica
  1252 | D:2      | Reached XP level 4. HP: 38/48 MP: 4/4
  1264 | D:2      | Reached ** piety under Trog
  1930 | D:3      | Reached skill level 5 in Maces & Flails
  1930 | D:3      | Reached XP level 5. HP: 54/54 MP: 5/5
  2163 | D:3      | Noticed Grinder
  2174 | D:3      | Paralysed by Grinder for 2 turns
  2193 | D:3      | Killed Grinder
  2193 | D:3      | Reached skill level 6 in Maces & Flails
  2193 | D:3      | Reached XP level 6. HP: 16/62 MP: 6/6
  3201 | D:4      | Found a runed gate.
  3201 | D:4      | Found a runed gate.
  3201 | D:4      | Found a runed gate.
  3374 | D:4      | Noticed an ice beast
  3374 | D:4      | Noticed Weird's ghost (amateur FeVM)
  3412 | D:4      | Found a staircase to the Ecumenical Temple.
  3767 | D:4      | Reached skill level 7 in Maces & Flails
  3767 | D:4      | Reached XP level 7. HP: 68/70 MP: 7/7
  4221 | D:5      | Entered Level 5 of the Dungeon
  4221 | D:5      | Found Esosh's General Store.
  4230 | D:5      | Noticed Menkaure
  4456 | D:5      | Killed Menkaure
  4496 | D:5      | Noticed Ijyb
  4514 | D:5      | Killed Ijyb
  4704 | D:4      | Reached *** piety under Trog
  4708 | D:4      | Reached skill level 8 in Maces & Flails
  5178 | D:5      | Noticed Duvessa
  5178 | D:5      | Noticed Dowan
  5186 | D:5      | Killed Duvessa
  5186 | D:5      | Reached XP level 8. HP: 78/78 MP: 8/8
  5189 | D:5      | Killed Dowan
  5394 | D:5      | Reached skill level 9 in Maces & Flails
  5536 | D:5      | Found a faded altar of an unknown god.
  5536 | D:5      | Found a faded altar of an unknown god.
  5541 | D:5      | Found a glowing golden altar of the Shining One.
  5543 | D:5      | Found a burning altar of Makhleb.
  5545 | D:5      | Found a hazy altar of Hepliaklqana.
  5615 | D:5      | Found a glowing silver altar of Zin.
  6231 | D:6      | Reached skill level 10 in Maces & Flails
  6523 | D:6      | Noticed a yak
  6524 | D:6      | Noticed a yak
  6541 | D:6      | Reached skill level 1 in Shields
  6544 | D:6      | Noticed a yak
  6545 | D:6      | Noticed a yak
  6548 | D:6      | Noticed a yak
  6549 | D:6      | Killed a yak
  6549 | D:6      | Reached XP level 9. HP: 75/84 MP: 9/9
  6590 | D:6      | HP: 1/84 [yak (17)]
  6908 | D:6      | Reached skill level 5 in Shields
  7209 | D:6      | Found a snail-covered altar of Cheibriados.
  7762 | D:7      | Reached **** piety under Trog
  7788 | D:7      | Noticed Prince Ribbit
  7797 | D:7      | HP: 3/126 [hippogriff (8)]
  7798 | D:7      | Mangled by a hippogriff

Vault maps used:
D:1:      dpeg_arrival_castle, minivault_11, glass_columns_c
D:2:      minmay_wonky_spiral, nicolae_overflow_crystal_walls, uniq_jessica
D:3:      uniq_grinder
D:4:      minmay_temple_entry_poolview, gammafunk_ghost_icy
D:5:      old_standard_altar, chequers_temple_overflow_minitemple, serial_shops,
          shop_fountains, first_ration, uniq_duvessa, uniq_ijyb, uniq_menkaure
D:6:      cheibrodos_quashed, marbit_many_paths
D:7:      nicolae_ashenzari_panopticon, lemuel_doored_altar, serial_shops, shop,
          basic_altar, uniq_prince_ribbit1

Skill      XL: |  1  2  3  4  5  6  7  8  9 |
---------------+----------------------------+-----
Maces & Flails | 3 4 5 6 7 8 10 | 10.8
Shields        | 2 5 |  5.8
Fighting       | |  4.0
Dodging        | |  2.6

Action                   |  1- 3 |  4- 6 |  7- 9 || total
-------------------------+-------+-------+-------++-------
Melee: Mace              |   111 |   168 |    65 ||   344
       Flail             |       |       |   178 ||   178
       Giant spiked club |       |       |    43 ||    43
Invok: Berserk           |       |     2 |    12 ||    14
       Trog's Hand       |       |     1 |     1 ||     2
  Use: Scroll            |     1 |     4 |     2 ||     7
       Potion            |       |       |     2 ||     2
 Stab: Sleeping          |       |       |     1 ||     1
  Eat: Chunk             |     1 |     7 |    20 ||    28
       Ration            |       |     1 |     1 ||     2
Armor: Animal skin       |    50 |    37 |    46 ||   133
Dodge: Dodged            |   100 |    91 |   179 ||   370
Block: Shield            |       |       |     7 ||     7

Table legend:
 A = Non-vault XP
 B = Vault XP
 C = Vault XP percentage of total XP
 D = Non-vault monster count
 E = Vault monster count
 F = Vault count percentage of total count
                 A         B        C        D         E       F
            +---------+---------+-------+---------+---------+-------
      Total |    3263 |     877 |  21.2 |     122 |      10 |   7.6
            +---------+---------+-------+---------+---------+-------
        D:1 |      43 |       0 |   0.0 |      17 |       0 |   0.0
        D:2 |      45 |      46 |  50.5 |      20 |       4 |  16.7
        D:3 |     102 |     267 |  72.4 |      19 |       1 |   5.0
        D:4 |     258 |       0 |   0.0 |      18 |       0 |   0.0
        D:5 |     701 |     431 |  38.1 |      18 |       4 |  18.2
        D:6 |    1583 |     133 |   7.8 |      19 |       1 |   5.0
        D:7 |     531 |       0 |   0.0 |      11 |       0 |   0.0
            +---------+---------+-------+---------+---------+-------
